 Dungeon Crawl Stone Soup version 0.31-a0-795-g5eb97db20b (webtiles) character file.

Game seed: 2784340029637411698

88 lunkers the Ruffian (level 5, 0/40 HPs)
             Began as a Meteoran Shapeshifter on Sept 19, 2023.
             Slain by an orc wizard
             ... wielding a +0 dagger
              (4 damage)
             ... on level 3 of the Dungeon.
             The game lasted 00:02:09 (662 turns).

lunkers the Ruffian (Meteoran Shapeshifter)          Turns: 662, Time: 00:02:09

Health: 0/40       AC:  5    Str: 16    XL:     5   Next: 9%
Magic:  6/6        EV: 11    Int: 11    God:
Gold:   64         SH:  0    Dex: 15    Spells: 4/4 levels left

rFire   . .          .
                       - Unarmed
rCold   . . .        (no shield)
rNeg    . . .        b - +0 ring mail
rPois   .            (helmet currently unavailable)
rElec   .            (cloak currently unavailable)
rCorr   +            (gloves currently unavailable)
SInv    .            (boots currently unavailable)
Will    .....        (no amulet)
Stlth   +            l - ring of resist corrosion
HPRegen 0.26/turn    (no ring)
MPRegen 0.10/turn

%: no passive effects
@: beast-form, glowing
A: beast (slay +2), sense surroundings 1, otherworldly, glowing, explore regen
a: Begin Untransformation


You were on level 3 of the Dungeon.
You were a hulking beast.
You visited 1 branch of the dungeon, and saw 3 of its levels.

You collected 64 gold pieces.

Inventory:

Armour
 a - a +0 animal skin
 b - a +0 ring mail (worn)
 g - a +0 cloak
Jewellery
 l - a ring of resist corrosion (left hand)
Talismans
 c - a beast talisman (active)
 d - a flux talisman
Scrolls
 e - a scroll of silence {unknown}
 i - a scroll of blinking {unknown}
 j - a scroll of immolation {unknown}
Potions
 f - a potion of heal wounds {unknown}
 h - a potion of might {unknown}
 k - a potion of brilliance {unknown}


   Skills:
 - Level 1.1 Fighting
 - Level 2.1 Dodging
 * Level 5.5 Unarmed Combat
 + Level 4.5 Shapeshifting


You had 4 spell levels left.
You didn't know any spells.
Your spell library contained the following spells:

 Spells                   Type           Power      Damage    Failure   Level
 Lesser Beckoning         Tloc           0%         N/A       71%         2
 Gell's Gravitas          Tloc           0%         N/A       90%         3
 Teleport Other           Tloc           0%         N/A       90%         3


Dungeon Overview and Level Annotations

Branches:
Dungeon (3/15) Zot: 1145

Altars:


Innate Abilities, Weirdness & Mutations

You are a hulking beast.
Your limbs bulge with bestial killing power. (Slay +2)
You passively map a small area around you.
You are easily found by Zot.
You glow in the dark.
You regain HP and MP as you explore.


Message History

A magic dart appears from out of thin air!
The magic dart hits you.
* * * LOW HITPOINT WARNING * * *
Something hits you but does no damage.
You bump into the rock wall.
You hear some strange, mumbled words.
A puff of flame appears from out of thin air!
The puff of flame misses you. Something hits you.
* * * LOW HITPOINT WARNING * * *
Unknown command.
You barely miss something. Something hits you but does no damage.
You hear some strange, mumbled words.
Something tries to affect you, but you resist.
Unknown command.
You punch something! Something hits you but does no damage.
You hear some strange, mumbled words.
A puff of flame appears from out of thin air!
The puff of flame hits you!
* * * LOW HITPOINT WARNING * * *
Something hits you but does no damage.
Unknown command.
Okay, then.
You barely miss something. Something hits you but does no damage.
The worm bites you.
* * * LOW HITPOINT WARNING * * *
You hear some strange, mumbled words.
A puff of flame appears from out of thin air!
The puff of flame hits you.
* * * LOW HITPOINT WARNING * * *
Unknown command.
You hit something. Something hits you.
* * * LOW HITPOINT WARNING * * *
You punch the worm!
The worm is heavily wounded.
You feel less confused.
Something hits you but does no damage. x2
You hit the worm.
The worm is severely wounded.
Something hits you.
You die...

, ,
............#*
,
............#
...........#
#.........#
#.........# ,
###.........#
..........#
#......h..#
##....w...#
,#........# ⌠
*
⌠.#.....).####
.#...........#
#........##.#
* #.........<#
# *
..........## ,
,#######.### *


You could see a worm.

Vanquished Creatures
  A gnoll (D:1)
  3 adders (D:2)
  3 worms (D:2)
  A dart slug (D:1)
  2 orcs (D:3)
  4 bats (D:2)
  5 endoplasms
  6 goblins
  3 hobgoblins
  A kobold (D:1)
  3 quokkas
  3 ball pythons
  2 rats (D:1)
37 creatures vanquished.

Notes
Turn   | Place    | Note
-------+----------+-------------------------------------------
     0 | D:1      | lunkers the Meteoran Shapeshifter began the quest for the
                  | Orb.
     0 | D:1      | Reached XP level 1. HP: 16/16 MP: 2/2
   165 | D:1      | Reached skill level 4 in Unarmed Combat
   165 | D:1      | Reached XP level 2. HP: 13/23 MP: 3/3
   236 | D:1      | Reached XP level 3. HP: 18/28 MP: 4/4
   374 | D:2      | Reached skill level 5 in Unarmed Combat
   374 | D:2      | Reached XP level 4. HP: 32/35 MP: 5/5
   606 | D:2      | Reached XP level 5. HP: 17/40 MP: 6/6
   662 | D:3      | Slain by an orc wizard

Illustrated notes

Levels and vault maps discovered:
D:1:      onia_arrival_mini_maze_b, layout_basic, serial_bayou_pond_b,
          minmay_liquid_box, minmay_cupped
D:2:      layout_rooms, hellmonk_ecumenical_altar_leap_of_faith,
          minmay_heptomino_l4
D:3:      layout_basic, grunt_decor_mini_mirrors, grunt_ministairs_6

Skill      XL: |  1  2  3 |
---------------+----------+-----
Unarmed Combat | 4 5 |  5.5
Shapeshifting  | 4 |  4.5
Fighting       | |  1.1
Dodging        | |  2.1

Action                     |  1- 3 |  4- 6 || total
---------------------------+-------+-------++-------
  Melee: Unarmed           |    53 |    44 ||    97
         Punch             |     1 |     2 ||     3
    Use: Potion            |     1 |       ||     1
         Scroll            |       |     1 ||     1
 Armour: Animal skin       |    24 |       ||    24
         Skin              |    26 |       ||    26
         Ring mail         |     6 |    39 ||    45
  Dodge: Dodged            |    31 |    23 ||    54

Table legend: (Time is in decaauts)
 A = Elapsed time spent in this place.
 B = Non-inter-level travel time spent in this place.
 C = Inter-level travel time spent in this place.
 D = Time resting spent in this place.
 E = Time spent auto-exploring this place.
 F = Levels seen in this place.
 G = Mean time per level.
                   A        B        C        D        E       F      G
               +--------+--------+--------+--------+--------+-----+--------+
         Total |    654 |    634 |     20 |     26 |    290 |   3 |  218.0 |
       Dungeon |    654 |    634 |     20 |     26 |    290 |   3 |  218.0 |
               +--------+--------+--------+--------+--------+-----+--------+

Top non-repeatable levels by time:
     D:2: 321 daAuts
     D:1: 307 daAuts
     D:3: 25 daAuts
